 Dungeon Crawl Stone Soup version 0.27-a0-1071-ga85bd9520d (console) character file.

Game seed: 3266053493931218502

95 nht the Changer (level 4, -5/30 HPs)
             Began as a Demonspawn Earth Elementalist on Apr 24, 2021.
             Slain by Grinder (6 damage)
             ... on level 3 of the Dungeon.
             The game lasted 00:04:57 (3336 turns).

nht the Changer (Demonspawn Earth Elementalist)     Turns: 3336, Time: 00:04:59

Health: -5/30      AC:  9    Str:  8    XL:     4   Next: 39%
Magic:  0/7        EV: 12    Int: 17    God:
Gold:   63         SH:  0    Dex: 14    Spells: 6/7 levels left

rFire    . . .     SeeInvis .   j - +2 mace (protect)
rCold    . . .     Faith    .   (no shield)
rNeg     . . .     Spirit   +   c - +0 robe
rPois    .         Reflect  .   (helmet restricted)
rElec    .         Harm     .   (no cloak)
rCorr    .         Rampage  .   (no gloves)
Will     .....                  (no boots)
Stlth    +++.......             b - amulet of guardian spirit
HPRegen  0.10/turn              a - ring "Silaxetul" {Fly Stlth+}
MPRegen  0.10/turn              (no ring)

@: under a protective aura, flying, hasted, very quick
A: antennae 1, ignite blood 1
a: no special abilities


You were on level 3 of the Dungeon.
You visited 1 branch of the dungeon, and saw 3 of its levels.

You collected 63 gold pieces.

Inventory:

Hand Weapons
 j - a +2 mace of protection (weapon)
Missiles
 k - 17 stones
Armour
 c - a +0 robe (worn)
 d - a +0 helmet
Jewellery
 a - the ring "Silaxetul" (left hand) {Fly Stlth+}
   (You acquired it on level 3 of the Dungeon)

   [ring of flight]

   It grants you flight.
   It makes you more stealthy.
 b - an amulet of guardian spirit (around neck)
Scrolls
 h - 2 scrolls of holy word


   Skills:
 - Level 1.7 Dodging
 - Level 1.7 Stealth
 - Level 2.0 Spellcasting
 + Level 3.7 Transmutations
 - Level 3.0 Earth Magic


You had 6 spell levels left.
You knew the following spells:

 Your Spells              Type           Power      Damage    Failure   Level
a - Sandblast             Erth           22%        2d7       5%          1

Your spell library contained the following spells:

 Spells                   Type           Power      Damage    Failure   Level
 Beastly Appendage        Tmut           28%        N/A       4%          1
 Wereblood                Tmut           14%        N/A       6%          2
 Passwall                 Tmut/Erth      10%        N/A       8%          2
 Summon Small Mammal      Summ           4%         N/A       19%         1
 Spider Form              Tmut/Pois      4%         N/A       26%         3
 Call Imp                 Summ           1%         N/A       28%         2
 Stone Arrow              Conj/Erth      12%        3d7       30%         3
 Petrify                  Tmut/Erth      13%        N/A       43%         4
 Call Canine Familiar     Summ           1%         N/A       50%         3
 Summon Guardian Golem    Hex/Summ       1%         N/A       50%         3
 Ice Form                 Ice/Tmut       8%         N/A       65%         4
 Hydra Form               Tmut           7%         N/A       75%         5
 Lee's Rapid Deconstruct  Erth           5%         3d7*      83%         5
 Summon Ice Beast         Ice/Summ       1%         N/A       88%         4
 Summon Lightning Spire   Summ/Air       1%         N/A       88%         4


Dungeon Overview and Level Annotations

Branches:
Dungeon (3/15)

Altars:

Annotations:
D:3 Grinder


Innate Abilities, Weirdness & Mutations

You have a pair of small antennae on your head.
Your demonic aura sometimes causes spilled blood to erupt in flames


Message History

Grinder shouts!
The endoplasm quivers.
The blast of sand hits the endoplasm.
The endoplasm is moderately wounded.
Grinder gestures at you. You resist with significant effort.
Okay, then.
Okay, then.
The blast of sand hits the endoplasm.
You kill the endoplasm!
The blast of sand hits Grinder.
Grinder is lightly wounded.
Grinder blinks!
You feel yourself speed up.
The blast of sand misses Grinder.
The blast of sand hits Grinder.
Grinder is lightly wounded.
The blast of sand hits Grinder.
Grinder is moderately wounded.
Grinder hits you.
You writhe in agony.
The blast of sand hits Grinder but does no damage.
Grinder is moderately wounded.
The blast of sand hits Grinder.
Grinder is moderately wounded.
Grinder hits you.
You closely miss Grinder.
Grinder is moderately wounded.
Grinder gestures at you. Pain shoots through your body!
* * * LOW HITPOINT WARNING * * *
You closely miss Grinder.
Grinder is moderately wounded.
Grinder hits you but does no damage.
You hit Grinder.
Your weapon exudes an aura of protection.
Grinder is moderately wounded.
Grinder hits you.
* * * LOW HITPOINT WARNING * * *
You writhe in agony.
You die...

███
███████████.█
█........@5.█
█.█████████.█
█.█ █.█ █.█
█.█ ███ █.█
█.█...██ █.█
█5h....█
██.███
█........
█....█
.......█h
█....█
..........


You could see Grinder.

Vanquished Creatures
  Robin (D:3)
  2 adders
  3 orcs (D:3)
  5 ball pythons
  9 endoplasms
  2 giant cockroaches
  14 goblins
  5 hobgoblins
  3 jackals (D:3)
  4 quokkas
  A frilled lizard (D:2)
  2 kobolds
  5 rats
56 creatures vanquished.

Notes
Turn   | Place    | Note
-------+----------+-------------------------------------------
     0 | D:1      | nht the Demonspawn Earth Elementalist began the quest for
                  | the Orb.
     0 | D:1      | Reached XP level 1. HP: 13/13 MP: 3/3
   242 | D:1      | Reached skill level 1 in Transmutations
   528 | D:1      | Gained mutation: Your demonic aura sometimes causes spilled
                  | blood to erupt in flames [demonic ancestry]
   528 | D:1      | Reached XP level 2. HP: 19/19 MP: 3/5
  1232 | D:2      | Found a faded altar of an unknown god.
  1588 | D:2      | Gained mutation: You have a pair of small antennae on your
                  | head. [demonic ancestry]
  1588 | D:2      | Reached XP level 3. HP: 24/24 MP: 2/6
  2718 | D:3      | Reached XP level 4. HP: 30/30 MP: 5/7
  3075 | D:3      | Noticed Robin
  3078 | D:3      | Identified a scroll of acquirement
  3078 | D:3      | Acquired the ring "Silaxetul" {Fly Stlth+}
  3086 | D:3      | Killed Robin
  3313 | D:3      | Noticed Grinder
  3336 | D:3      | HP: 1/30 [Grinder (6)]
  3336 | D:3      | Slain by Grinder

Illustrated notes

Levels and vault maps discovered:
D:1:      tarquinn_simple_flora_water_b, layout_basic
D:2:      layout_loops_ring, shapermc_ecumenical_altar_mp_highgroup
D:3:      layout_basic, lemuel_doored_altar, serial_shops, nicolae_shop_trees,
          uniq_grinder, uniq_terence, uniq_robin

Skill      XL: |  1  2  3 |
---------------+----------+-----
Earth Magic    | 3 |  3.0
Transmutations | 1 2 3 |  3.7
Dodging        | |  1.7
Stealth        | |  1.7
Spellcasting   | |  2.0

Action                   |  1- 3 |  4- 6 || total
-------------------------+-------+-------++-------
Melee: Mace              |    32 |    13 ||    45
 Cast: Sandblast         |    53 |    24 ||    77
  Use: Scroll            |       |     4 ||     4
       Potion            |       |     3 ||     3
 Stab: Sleeping          |     1 |       ||     1
Armor: Robe              |    10 |     4 ||    14
Dodge: Dodged            |    19 |    22 ||    41

Table legend: (Time is in decaauts)
 A = Elapsed time spent in this place.
 B = Non-inter-level travel time spent in this place.
 C = Inter-level travel time spent in this place.
 D = Time resting spent in this place.
 E = Time spent auto-exploring this place.
 F = Levels seen in this place.
 G = Mean time per level.
                   A        B        C        D        E       F      G
               +--------+--------+--------+--------+--------+-----+--------+
         Total |   3336 |   3182 |    154 |    200 |   2625 |   3 | 1112.0 |
       Dungeon |   3336 |   3182 |    154 |    200 |   2625 |   3 | 1112.0 |
               +--------+--------+--------+--------+--------+-----+--------+

Top non-repeatable levels by time:
     D:1: 1228 daAuts
     D:3: 1079 daAuts
     D:2: 1029 daAuts
